 Dungeon Crawl Stone Soup version 0.30-a0-591-g3c58d2bc28 (webtiles) character file.

Game seed: 12216827256457310337

555 bmack86 the Chopper (level 7, -5/61 HPs)
             Began as a Minotaur Fighter on Jan 5, 2023.
             Slain by Crazy Yiuf
             ... wielding a +2 quarterstaff of chaos
              (18 damage)
             ... on level 4 of the Dungeon.
             The game lasted 00:08:00 (2987 turns).

bmack86 the Chopper (Minotaur Fighter)              Turns: 2987, Time: 00:08:01

Health: -5/61      AC:  0    Str: 23    XL:     7   Next: 8%
Magic:  6/6        EV: 13    Int:  5    God:
Gold:   180        SH:  0    Dex:  9    Spells: 6/6 levels left

rFire   . . .      SeeInvis .    (weapon currently unavailable)
rCold   . . .      Faith    .    (shield currently unavailable)
rNeg    . . .      Spirit   .    (body armour currently unavailable)
rPois   .          Reflect  .    (helmet currently unavailable)
rElec   .          Harm     .    (cloak currently unavailable)
rCorr   .          Rampage  .    (gloves currently unavailable)
Will    .....                    (boots currently unavailable)
Stlth   +                        (no amulet)
HPRegen 0.30/turn                (ring currently unavailable)
MPRegen 0.10/turn                (ring currently unavailable)

@: pig-form, very quick
A: fast, no casting, small, (horns 2), (retaliatory headbutt)
a: no special abilities


You were on level 4 of the Dungeon.
You were a filthy swine.
You visited 1 branch of the dungeon, and saw 4 of its levels.

You collected 180 gold pieces.

Inventory:

Hand Weapons
 a - a +0 war axe (melded)
Missiles
 q - 4 poisoned darts (quivered)
 v - 2 silver javelins
Armour
 b - a +0 scale mail
 c - a +0 buckler (melded)
 h - a +0 chain mail
 s - a +0 pair of boots (melded)
 w - a +0 plate armour (melded)
Jewellery
 m - a +5 ring of evasion (melded)
 p - a +6 ring of dexterity (melded)
Wands
 y - a wand of roots (8)
Scrolls
 f - 2 scrolls of amnesia
 j - 2 scrolls of fear {unknown}
 k - 3 scrolls of identify
 o - a scroll of magic mapping {unknown}
 r - 2 scrolls of teleportation
 t - a scroll of enchant weapon {unknown}
 u - a scroll of fog {unknown}
 x - a scroll of vulnerability {unknown}
Potions
 d - 2 potions of might
 e - 2 potions of invisibility
 g - 2 potions of curing
 i - 2 potions of degeneration {unknown}
 l - a potion of magic {unknown}
 n - a potion of attraction {unknown}
 z - a potion of heal wounds {unknown}


   Skills:
 + Level 5.1 Fighting
 * Level 5.8 Axes
 + Level 2.4 Throwing
 + Level 5.2 Armour
 + Level 5.2 Shields


You had 6 spell levels left.
You didn't know any spells.
Your spell library contained the following spells:

 Spells                   Type           Power      Damage    Failure   Level
 Kiss of Death            Conj/Necr      0%         2d5       47%         1
 Cigotuvi's Dreadful Rot  Necr/Pois/Air  0%         N/A       63%         2
 Confusing Touch          Hex            0%         N/A       85%         3
 Dispel Undead            Necr           0%         3d6       99%         4
 Death Channel            Necr           0%         N/A       100%        6


Dungeon Overview and Level Annotations

Branches:
Dungeon (4/15)
 Temple: D:4-7

Altars:
Uskayaw

Annotations:
D:4 Crazy Yiuf


Innate Abilities, Weirdness & Mutations

You are a filthy swine.
You move quickly.
Your equipment is almost entirely melded.
You are incapable of wielding weapons or throwing items.
You cannot cast spells.
((You have a pair of horns on your head.))
((You reflexively headbutt those who attack you in melee.))


Message History

Crazy Yiuf whimpers, "Whiteboard ena shoe!"
You open the door. You hit Crazy Yiuf. You headbutt Crazy Yiuf!
Crazy Yiuf is severely wounded.
Crazy Yiuf says, "Goober hand disdain!"
Crazy Yiuf closely misses you. You furiously retaliate!
You headbutt Crazy Yiuf, but do no damage.
Crazy Yiuf zaps a wand.
You turn into a filthy swine.
Your +0 war axe melds into your body.
Your +0 pair of boots melds into your body.
Your +0 buckler melds into your body.
Your +0 plate armour melds into your body.
Your +5 ring of evasion melds into your body.
Your +6 ring of dexterity melds into your body.
You feel clumsy.
You hit Crazy Yiuf.
Crazy Yiuf is almost dead.
You hit Crazy Yiuf but do no damage.
Crazy Yiuf is almost dead.
Crazy Yiuf hits you with a +2 quarterstaff of chaos.
You closely miss Crazy Yiuf.
Crazy Yiuf is severely wounded.
Crazy Yiuf drinks a potion.
Crazy Yiuf is healed!
You hit Crazy Yiuf.
Crazy Yiuf is severely wounded.
Crazy Yiuf closely misses you.
You hit Crazy Yiuf but do no damage.
Crazy Yiuf is severely wounded.
Crazy Yiuf hits you with a +2 quarterstaff of chaos!
Crazy Yiuf burns you.
You hit Crazy Yiuf.
Crazy Yiuf is severely wounded.
Crazy Yiuf hits you with a +2 quarterstaff of chaos!
Crazy Yiuf burns you.
You hit Crazy Yiuf but do no damage.
Crazy Yiuf is severely wounded.
Crazy Yiuf hits you with a +2 quarterstaff of chaos!
* * * LOW HITPOINT WARNING * * *
Space warps horribly around you!!
You die...

### # # #
##### # #..)#
### #...# ..#
... #.# #g#
#.# ♣♣h♣ #.#
♣.♣♣ #.######
♣♣.♣
.......#####
♣.♣♣ ###
.#####.....#
♣♣.♣ #.#
.#####).####
♣..♣♣♣ #.#
.##.....#
♣...P♣ #.#
.......##
#....# #.###
..#.#..#
#....####...#


You could see Crazy Yiuf.

Vanquished Creatures
  Grinder (D:4)
  An ogre (D:4)
  A hound (D:4)
  3 orc priests
  2 adders
  4 gnolls
  A worm (D:4)
  A dart slug (D:2)
  13 orcs
  6 endoplasms
  4 giant cockroaches
  8 goblins
  5 hobgoblins
  4 jackals (D:4)
  9 kobolds
  3 quokkas
  5 ball pythons
  3 bats
  5 frilled lizards
  3 rats
82 creatures vanquished.

Vanquished Creatures (others)
  4 fungi (D:4)
4 creatures vanquished.

Grand Total: 86 creatures vanquished

Notes
Turn   | Place    | Note
-------+----------+-------------------------------------------
     0 | D:1      | bmack86 the Minotaur Fighter began the quest for the Orb.
     0 | D:1      | Reached XP level 1. HP: 19/19 MP: 0/0
   144 | D:1      | Reached XP level 2. HP: 27/27 MP: 1/1
   486 | D:1      | Reached XP level 3. HP: 29/33 MP: 2/2
  1501 | D:3      | Found a faded altar of an unknown god.
  1525 | D:3      | Reached XP level 4. HP: 34/40 MP: 3/3
  1574 | D:3      | Reached skill level 1 in Throwing
  1574 | D:3      | Reached XP level 5. HP: 36/47 MP: 4/4
  2248 | D:4      | Noticed a +0 spear
  2249 | D:4      | Noticed a +0 short sword
  2249 | D:4      | Noticed a +0 short sword
  2250 | D:4      | Noticed a +0 dagger
  2250 | D:4      | Noticed a +0 falchion
  2250 | D:4      | Noticed a +0 dagger
  2250 | D:4      | Noticed a +0 falchion
  2250 | D:4      | Noticed a +0 spear
  2254 | D:4      | Found a hide-covered altar of Uskayaw.
  2451 | D:4      | Found the +7 staff of the Meek {protect, meekguard}
  2532 | D:4      | Noticed an ogre
  2538 | D:4      | Killed an ogre
  2539 | D:4      | Reached skill level 5 in Axes
  2539 | D:4      | Reached XP level 6. HP: 53/53 MP: 5/5
  2628 | D:4      | Noticed Grinder
  2638 | D:4      | Killed Grinder
  2639 | D:4      | Reached skill level 5 in Fighting
  2639 | D:4      | Reached skill level 5 in Armour
  2639 | D:4      | Reached skill level 5 in Shields
  2639 | D:4      | Reached XP level 7. HP: 44/61 MP: 6/6
  2975 | D:4      | Found a runed translucent door.
  2976 | D:4      | Noticed Crazy Yiuf
  2987 | D:4      | Slain by Crazy Yiuf

Illustrated notes

Levels and vault maps discovered:
D:1:      co_arrival_random_square_maze, layout_loops_ring,
          nicolae_concentric_dashed_squares_wild
D:2:      layout_basic, minivault_23
D:3:      layout_loops_cross, dreamdust_ecumenical_altar_hidden_monk_grotto,
          columned_hall_lemuel
D:4:      layout_loops_cross, nicolae_uskayaw_en_pointe, pf_guarded_unrand_meek,
          uniq_crazy_yiuf_cottage, uniq_grinder

Skill      XL: |  1  2  3  4  5  6 |
---------------+-------------------+-----
Axes           | 3 4 5 |  5.8
Fighting       | 4 5 |  5.1
Armour         | 4 5 |  5.2
Shields        | 4 5 |  5.2
Throwing       | 1 2 |  2.4

Action                   |  1- 3 |  4- 6 |  7- 9 || total
-------------------------+-------+-------+-------++-------
Melee: War axe           |    75 |    51 |    18 ||   144
       Headbutt          |     8 |     8 |     4 ||    20
       Unarmed           |       |       |     7 ||     7
Throw: Javelin           |     7 |    14 |       ||    21
       Dart              |       |    11 |       ||    11
  Use: Scroll            |     4 |     1 |       ||     5
Armor: Scale mail        |    12 |       |       ||    12
       Chain mail        |    24 |    11 |       ||    35
       Plate armour      |       |    12 |     2 ||    14
Dodge: Dodged            |    38 |    32 |     6 ||    76
Block: Buckler           |    15 |     5 |     2 ||    22

Table legend: (Time is in decaauts)
 A = Elapsed time spent in this place.
 B = Non-inter-level travel time spent in this place.
 C = Inter-level travel time spent in this place.
 D = Time resting spent in this place.
 E = Time spent auto-exploring this place.
 F = Levels seen in this place.
 G = Mean time per level.
                   A        B        C        D        E       F      G
               +--------+--------+--------+--------+--------+-----+--------+
         Total |   3043 |   2978 |     65 |      0 |   2107 |   4 |  760.8 |
       Dungeon |   3043 |   2978 |     65 |      0 |   2107 |   4 |  760.8 |
               +--------+--------+--------+--------+--------+-----+--------+

Top non-repeatable levels by time:
     D:4: 917 daAuts
     D:3: 795 daAuts
     D:1: 784 daAuts
     D:2: 545 daAuts
